 Dungeon Crawl Stone Soup version 0.31-a0-1589-g8f5e8aebd6 (webtiles) character file.

Game seed: 13189836150471120024

41984 Joey1 the Severer (level 13, -5/126 HPs)
             Began as a Minotaur Berserker on Jan 3, 2024.
             Was a High Priest of Trog.
             Killed from afar by a rime drake (25 damage)
             ... with an icy flash freeze
             ... on level 5 of the Lair of Beasts on Jan 22, 2024.
             The game lasted 00:42:51 (18701 turns).

Joey1 the Severer (Minotaur Berserker)             Turns: 18701, Time: 00:42:52

Health: -5/126     AC: 22    Str: 26    XL:     13   Next: 83%
Magic:  12/12      EV: 15    Int:  4    God:    Trog [*****.]
Gold:   1098       SH:  5    Dex: 11    Spells: 12/12 levels left

rFire   . . .        w - +5 war axe (heavy)
rCold   . . .        (no shield)
rNeg    . . .        K - +0 plate armour
rPois   .            (helmet restricted)
rElec   .            q - +0 cloak
rCorr   .            c - +0 pair of gloves
SInv    .            Y - +0 pair of boots
Will    ++...        y - amulet of reflection Stlth
                     J - +4 ring of protection
HPRegen 1.41/turn    O - +5 ring of evasion
MPRegen 0.13/turn

%: reflection
@: strong-willed, on berserk cooldown, regenerating, slowed, very slow
A: horns 2, retaliatory headbutt
a: Renounce Religion, Berserk, Trog's Hand, Brothers in Arms


You were on level 5 of the Lair of Beasts.
You worshipped Trog.
Trog was extremely pleased with you.
You visited 2 branches of the dungeon, and saw 17 of its levels.
You also visited: Ossuary.

You collected 1234 gold pieces.
You spent 136 gold pieces at shops.

Inventory:

Hand Weapons
 a - a +0 hand axe
 w - a +5 heavy war axe (weapon)
 Z - a +2 flail of protection
Missiles
 N - 3 throwing nets
Armour
 c - a +0 pair of gloves (worn)
 q - a +0 cloak (worn)
 K - a +0 plate armour (worn)
 U - the +8 chain mail "Xoulorgh" {Harm Str+2 Int+4 SInv}
   (You found it on level 1 of the Lair of Beasts)

   Str+2:     It affects your strength (+2).
   Int+4:     It affects your intelligence (+4).
   SInv:      It lets you see invisible.
   Harm:      It increases damage dealt and taken.
 Y - a +0 pair of boots (worn)
Jewellery
 y - an amulet of reflection (around neck)
 J - a +4 ring of protection (left hand)
 O - a +5 ring of evasion (right hand)
 R - a ring of protection from fire
 S - a ring of flight
 T - a ring of ice
 W - a ring of magical power
Wands
 b - a wand of digging (3)
 n - a wand of roots (7)
 r - a wand of flame (22)
 X - a wand of paralysis (2)
Scrolls
 d - a scroll of revelation
 f - a scroll of enchant armour
 g - 7 scrolls of immolation
 h - 5 scrolls of teleportation
 i - a scroll of acquirement {unknown}
 j - 5 scrolls of blinking
 k - 2 scrolls of noise
 z - 4 scrolls of vulnerability
 A - a scroll of fear {unknown}
 G - 12 scrolls of poison
 H - 2 scrolls of brand weapon {unknown}
 I - 2 scrolls of enchant weapon {unknown}
 L - 5 scrolls of fog
 M - a scroll of silence {unknown}
 P - a scroll of summoning {unknown}
 Q - a scroll of amnesia {unknown}
Potions
 e - 2 potions of magic {unknown}
 l - 4 potions of heal wounds
 m - 5 potions of degeneration
 o - 5 potions of mutation
 s - a potion of attraction {unknown}
 t - 2 potions of might {unknown}
 u - a potion of resistance {unknown}
 v - 3 potions of enlightenment
 x - 3 potions of curing
 C - a potion of invisibility {unknown}
 D - 5 potions of berserk rage
 E - 2 potions of brilliance {unknown}
 F - 3 potions of haste
Miscellaneous
 V - a phial of floods


   Skills:
 - Level 15.0 Fighting
 - Level 18.0 Axes
 + Level 8.8 Armour
 + Level 8.4 Dodging
 - Level 10.0 Evocations


You had 12 spell levels left.
You didn't know any spells.
Your spell library was empty.

Dungeon Overview and Level Annotations

Branches:
Dungeon (12/15)            Temple (0/1) D:5            Lair (5/5) D:8
 Shoals (0/4) Lair:2       Spider (0/4) Lair:3        Slime (0/5) Lair:4
    Orc (0/2) D:11        Ossuary (visited)

Altars:
Ashenzari
Cheibriados
Dithmenos
Fedhas
Kikubaaqudgha
Makhleb
Nemelex Xobeh
Qazlal
Sif Muna
Uskayaw
Xom
The Shining One
Jiyva

Shops:
D:4 (=!=

Annotations:
Lair:4 1 runed translucent door, ggggg's ghost, journeyman MiFi


Innate Abilities, Weirdness & Mutations

You have a pair of horns on your head.
You reflexively headbutt those who attack you in melee.


Message History

A red film seems to cover your vision as you go berserk!
You feel yourself moving faster!
You feel mighty!
You feel very sick.
The cane toad stings you but does no damage.
You barely miss the cane toad. Your headbutt misses the cane toad.
The cane toad is lightly wounded.
You feel very sick. The cane toad barely misses you.
You hit the cane toad but do no damage. You headbutt the cane toad!
The cane toad is heavily wounded.
You feel very sick. You block the cane toad's attack.
You slice the cane toad!!
You kill the cane toad!
Trog accepts your kill.
You feel sick.
You feel sick.
You feel a strong urge to attack something.
You feel sick.
A rime drake comes into view.
You enter the shallow water.
Moving in this stuff is going to be slow.
You feel sick.
The rime drake hisses angrily.
You feel your anger nearly subside.
You feel sick.
You are no longer berserk.
You are exhausted.
You feel yourself slow down.
You feel sick.
You feel sick. The rime drake breathes ice at you.
The icy flash freeze hits you but does no damage.
You are encased in ice.
You feel sick.
You feel sick.
You are no longer poisoned.
The ice encasing you melts away. The rime drake breathes ice at you.
The icy flash freeze hits you!!
You die...

####......##......##### #..###.
##..............##.## ###....
###................#.######....
###.#.................##..P......
#P#..#...............###.P.......
#.........................P......
#...####.............#...#####...
.####......~......P..##### #...
....#~~~~~~P..~~@.~.## ##..
P~P.##~~~≈~~~~~~.~..# ##.
.†.~##.≈≈≈~≈≈~~~~..~# #P
.~.~~#≈P~~~~~~~~~P..## ##
~..†~##~~≈≈≈≈≈~~k~~.~# ###
.~~~~###~~≈≈≈~~~~~≈~.## #..
..~~~~##~~~≈≈≈~~P~~~~~# ###.
~≈~~~.# ~~~≈~~~~~~~~~.## #...
.P~~~~##≈P~~P~~~~~~~..~## ##..


You could see a rime drake (catching breath).

Vanquished Creatures
  Harold (D:11)
  4 hydras
  2 two-headed ogres
  Sonja (Lair:4)
  2 skysharks
  2 lindwurms (Lair:1)
  3 harpies (Lair:2)
  An ugly thing (D:12)
  11 elephants
  3 black mambas
  A torpor snail (Lair:3)
  A gargoyle (D:12)
  11 cane toads
  An unseen horror (D:10)
  5 komodo dragons
  3 rime drakes
  4 trolls
  2 polar bears
  A hornet (D:10)
  A tyrant leech (Lair:5)
  26 blink frogs
  17 dream sheep
  A shadow (D:12)
  A water elemental (D:12)
  3 wraiths
  4 wyverns
  5 basilisks
  29 yaks
  8 vampire mosquitoes
  4 steam dragons
  Menkaure (D:7)
  Edmund (D:6)
  An acid dragon (D:9)
  11 water moccasins
  2 black bears
  A sky beast (D:5)
  4 ogres
  4 centaurs
  A phantom (D:5)
  A weeping skull (Ossuary)
  15 bullfrogs
  3 kobold brigands
  A burial acolyte (Ossuary)
  3 wights (D:5)
  4 killer bees (D:10)
  3 howler monkeys
  5 electric eels
  2 bombardier beetles
  4 orc priests
  Crazy Yiuf (D:3)
  A bullfrog skeleton (D:7)
  4 hounds
  6 jellies
  A gnoll bouda (D:5)
  3 sleepcaps
  Jessica (D:3)
  Ijyb (D:3)
  4 iguanas
  Natasha (thrice) (D:3)
  7 orc wizards
  2 scorpion zombies (D:7)
  3 killer bee zombies (D:7)
  5 mummies (Ossuary)
  8 gnolls
  A howler monkey skeleton (D:7)
  10 adders
  A shadow imp (D:7)
  2 ufetubi (D:5)
  3 dart slugs
  A ribbon worm (D:3)
  17 orcs
  2 endoplasms
  3 giant cockroaches
  3 gnoll zombies (Ossuary)
  6 hobgoblins
  8 jackals
  13 kobolds
  2 quokkas
  5 ball pythons
  3 bats
  2 frilled lizards
  7 goblins
  2 kobold zombies (Ossuary)
  3 orc zombies (Ossuary)
  8 rats
377 creatures vanquished.

Notes
Turn   | Place    | Note
-------+----------+-------------------------------------------
     0 | D:1      | Joey1 the Minotaur Berserker began the quest for the Orb.
     0 | D:1      | Reached XP level 1. HP: 19/19 MP: 0/0
   225 | D:1      | Reached XP level 2. HP: 27/27 MP: 1/1
   227 | D:1      | Reached skill level 4 in Axes
   563 | D:2      | Reached ** piety under Trog
   564 | D:2      | Reached XP level 3. HP: 30/33 MP: 2/2
   984 | D:2      | Found a shadowy altar of Dithmenos.
  1163 | D:3      | Noticed Ijyb
  1176 | D:3      | Killed Ijyb
  1177 | D:3      | Reached XP level 4. HP: 41/41 MP: 3/3
  1187 | D:3      | Reached skill level 5 in Axes
  1281 | D:3      | Noticed Jessica
  1298 | D:3      | Killed Jessica
  1299 | D:3      | Reached XP level 5. HP: 23/47 MP: 4/4
  1483 | D:3      | Found a hide-covered altar of Uskayaw.
  1697 | D:3      | Found a runed translucent door.
  1698 | D:3      | Noticed Crazy Yiuf
  1838 | D:3      | Found a broken altar of Ashenzari.
  1855 | D:3      | Noticed Natasha
  2289 | D:3      | Killed Natasha
  2290 | D:3      | Reached skill level 5 in Fighting
  2290 | D:3      | Reached skill level 6 in Axes
  2468 | D:3      | Killed Crazy Yiuf
  2556 | D:3      | Found a hide-covered altar of Uskayaw.
  2614 | D:3      | Noticed Natasha
  2621 | D:3      | Killed Natasha
  2869 | D:3      | Noticed Natasha
  2880 | D:3      | Killed Natasha
  2881 | D:3      | Reached XP level 6. HP: 40/56 MP: 5/5
  2957 | D:4      | Reached skill level 7 in Axes
  3011 | D:4      | Found Lonuj's One-of-a-Kind Rings.
  3293 | D:4      | Reached skill level 8 in Axes
  3321 | D:4      | Reached *** piety under Trog
  3400 | D:4      | Found Qestrysan's Jewellery Boutique.
  3408 | D:4      | Reached XP level 7. HP: 61/61 MP: 6/6
  3408 | D:4      | Found Veku's Distillery.
  3408 | D:4      | Found Tuem's Antique Weapon Boutique.
  3649 | D:4      | Reached skill level 9 in Axes
  4144 | D:4      | Found a shimmering blue altar of Sif Muna.
  4199 | D:4      | Upgraded the game from 0.31-a0-1570-g93c622d222 to
                  | 0.31-a0-1589-g8f5e8aebd6
  4284 | D:4      | Bought a glowing war axe for 136 gold pieces
  4377 | D:5      | Entered Level 5 of the Dungeon
  4550 | D:5      | Found a staircase to the Ecumenical Temple.
  4564 | D:5      | Reached skill level 10 in Axes
  4770 | D:5      | Reached skill level 11 in Axes
  4770 | D:5      | Reached XP level 8. HP: 51/68 MP: 7/7
  4850 | D:5      | Found a sparkling altar of Nemelex Xobeh.
  4873 | D:5      | Found a snail-covered altar of Cheibriados.
  5186 | D:5      | Reached skill level 12 in Axes
  5587 | D:6      | Reached skill level 13 in Axes
  5770 | D:6      | Reached XP level 9. HP: 70/74 MP: 8/8
  5811 | D:6      | Noticed Edmund
  5814 | D:6      | Killed Edmund
  5867 | D:6      | Found a blossoming altar of Fedhas.
  5867 | D:6      | Found an ancient bone altar of Kikubaaqudgha.
  5906 | D:6      | Reached skill level 14 in Axes
  5962 | D:6      | Reached **** piety under Trog
  6554 | D:7      | Found a sand-covered staircase.
  6564 | Ossuary  | Entered an ossuary
  7121 | D:7      | Found a shimmering altar of Xom.
  7319 | D:7      | Found a stormy altar of Qazlal.
  7353 | D:7      | Noticed Menkaure
  7360 | D:7      | Killed Menkaure
  7361 | D:7      | Reached skill level 15 in Axes
  7542 | D:7      | Identified the +2 robe of the Unseen Realm {Dex+2}
  8003 | D:8      | Reached XP level 10. HP: 86/89 MP: 9/9
  8335 | D:8      | Reached skill level 16 in Axes
  8344 | D:8      | Reached skill level 10 in Fighting
  8360 | D:8      | Found a staircase to the Lair.
  9689 | D:9      | Reached skill level 5 in Armour
  9917 | D:10     | Entered Level 10 of the Dungeon
  9930 | D:10     | Reached skill level 5 in Dodging
 10061 | D:10     | Noticed a two-headed ogre
 10081 | D:10     | Killed a two-headed ogre
 10270 | D:10     | Reached XP level 11. HP: 68/99 MP: 10/10
 10374 | D:10     | Reached ***** piety under Trog
 10471 | D:10     | Found a glowing golden altar of the Shining One.
 10642 | D:10     | Found a burning altar of Makhleb.
 10950 | D:11     | Noticed a two-headed ogre
 10955 | D:11     | Killed a two-headed ogre
 11019 | D:11     | Noticed Harold
 11027 | D:11     | Killed Harold
 11116 | D:11     | You fall into a shaft and drop 1 floor!
 11769 | D:12     | Noticed a cyan ugly thing
 11777 | D:12     | Killed a cyan ugly thing
 11860 | D:12     | Reached skill level 17 in Axes
 11939 | D:11     | Found a staircase to the Orcish Mines.
 11988 | D:11     | Noticed a skeletal warrior
 11988 | D:11     | Noticed a skeletal warrior
 11988 | D:11     | Noticed a skeletal warrior
 11988 | D:11     | Noticed a skeletal warrior
 12205 | Lair:1   | Entered Level 1 of the Lair of Beasts
 12233 | Lair:1   | Noticed a skyshark
 12239 | Lair:1   | Killed a skyshark
 12322 | Lair:1   | Noticed a lindwurm
 12322 | Lair:1   | Noticed a lindwurm
 12342 | Lair:1   | Found a runed translucent door.
 12470 | Lair:1   | Identified the +7 long sword of a Gauntlet {freeze, SInv}
 12886 | Lair:1   | Identified the +8 chain mail "Xoulorgh" {Harm Str+2 Int+4
                  | SInv}
 13134 | Lair:1   | Reached XP level 12. HP: 108/115 MP: 11/11
 13216 | Lair:1   | Reached skill level 18 in Axes
 13879 | Lair:2   | Found a staircase to the Shoals.
 13991 | Lair:2   | Reached skill level 15 in Fighting
 13991 | Lair:2   | Reached skill level 1 in Evocations
 14764 | Lair:3   | Found a hole to the Spider Nest.
 14814 | Lair:3   | Reached skill level 5 in Evocations
 15606 | Lair:4   | Noticed a four-headed hydra
 16261 | Lair:4   | Killed a four-headed hydra
 16303 | Lair:4   | Found a runed translucent door.
 16383 | Lair:4   | Found a staircase to the Slime Pits.
 16389 | Lair:4   | Noticed Sonja
 16390 | Lair:4   | Found a viscous altar of Jiyva.
 16394 | Lair:4   | Killed Sonja
 16394 | Lair:4   | Identified the +5 battleaxe "Fuqubet" {flame, rPois Str-4
                  | Dex+7} (Trog gifted it to you on level 4 of the Lair of
                  | Beasts)
 16394 | Lair:4   | Received a gift from Trog
 16395 | Lair:4   | Reached XP level 13. HP: 115/126 MP: 12/12
 16888 | Lair:4   | Noticed ggggg's ghost (journeyman MiFi)
 16982 | Lair:5   | Entered Level 5 of the Lair of Beasts
 17704 | Lair:4   | Reached skill level 10 in Evocations
 18329 | Lair:5   | Identified the +3 short sword "Joaziq" {freeze, Int+3}
 18411 | Lair:5   | Received a gift from Trog
 18701 | Lair:5   | Killed from afar by a rime drake

Illustrated notes

Levels and vault maps discovered:
D:1:      dpeg_arrival_court, layout_rooms
D:2:      layout_basic, basic_altar
D:3:      cheibrodos_helix_gallery, layout_basic,
          mainiacjoe_overflow_tiny_flanked, mainiacjoe_overflow_brackets,
          uniq_ijyb, uniq_natasha, uniq_crazy_yiuf_cottage, uniq_jessica
D:4:      layout_loops_cross, lemuel_blue_sif_altar, nicolae_shop_unique_rings,
          minmay_misc_feat_doors, grunt_decor_fettered,
          nicolae_shop_distant_corner_stores, serial_bayou_pond_d,
          serial_bayou_lake_a
D:5:      layout_loops_ring, cheibriados_altar_1, mainiacjoe_overflow_alcove_4,
          minmay_temple_entry_sparse_star
D:6:      layout_gridville, grunt_temple_overflow_growth_and_decay, uniq_edmund
D:7:      layout_cave_pods, mainiacjoe_overflow_surrounded_room,
          nicolae_qazlal_eye_of_the_storm,
          mainiacjoe_ossuary_entry_find_the_door, serial_bayou_pond_e,
          uniq_menkaure
D:8:      layout_basic, erik_lair_dragon
D:9:      layout_stronghold
D:10:     layout_small_grid, mainiacjoe_overflow_24_doors, bloody_makhleb
D:11:     layout_roguey, orc_0_dummy, uniq_josephine, uniq_harold
D:12:     layout_basic, minmay_parallelograms, marbit_kobold_abyssish,
          uniq_erolcha
Lair:1:   gammafunk_lair_enchanted_lake, layout_regular_city, serial_rivers,
          chequers_serial_rivers_marsh, chequers_serial_rivers_small_3,
          chequers_serial_rivers_large_a, chequers_serial_rivers_marsh,
          infiniplex_staircase_pool_2
Lair:2:   layout_layer_cave, nicolae_shoals_entry_roost
Lair:3:   gammafunk_mikee_crab_dinner, layout_concentric_octagons,
          spider_nest_entry_web_field, wad_woods_road_01, serial_bayou_shore_b
Lair:4:   layout_loops_ring, nicolae_slime_entry_field_trip,
          ebering_ghost_reflecting_pool, lemuel_fruit_fields, uniq_sonja
Lair:5:   minmay_lair_end_frog_pond, layout_cave_pods

Skill      XL: |  1  2  3  4  5  6  7  8  9 10 11 12 13 |
---------------+----------------------------------------+-----
Axes           | 4 5 6 8 11 13 15 16 17 18 | 18.0
Fighting       | 4 5 8 10 13 15 | 15.0
Armour         | 3 6 8 |  8.8
Dodging        | 3 6 8 |  8.4
Evocations     | 7 10 | 10.0

Action                     |  1- 3 |  4- 6 |  7- 9 | 10-12 | 13-15 || total
---------------------------+-------+-------+-------+-------+-------++-------
  Melee: Hand axe          |    84 |   140 |    98 |       |       ||   322
         Headbutt          |     9 |    22 |    36 |    48 |    31 ||   146
         Punch             |       |     3 |     1 |       |     2 ||     6
         War axe           |       |       |   107 |   323 |   137 ||   567
         Flail             |       |       |       |     4 |    26 ||    30
 Invoke: Berserk           |     1 |     4 |     4 |     6 |     4 ||    19
         Trog's Hand       |       |       |       |       |     1 ||     1
    Use: Scroll            |       |       |       |       |    14 ||    14
 Armour: Animal skin       |    49 |    19 |       |       |       ||    68
         Ring mail         |       |   106 |   115 |       |       ||   221
         Chain mail        |       |       |    30 |       |       ||    30
         Plate armour      |       |       |    16 |   288 |   213 ||   517
  Dodge: Dodged            |    52 |    95 |    99 |   172 |   180 ||   598
  Block: Other             |       |       |     5 |    58 |    50 ||   113
         Reflection        |       |       |     4 |     1 |       ||     5

Table legend: (Time is in decaauts)
 A = Elapsed time spent in this place.
 B = Non-inter-level travel time spent in this place.
 C = Inter-level travel time spent in this place.
 D = Time resting spent in this place.
 E = Time spent auto-exploring this place.
 F = Levels seen in this place.
 G = Mean time per level.
                   A        B        C        D        E       F      G
               +--------+--------+--------+--------+--------+-----+--------+
         Total |  19085 |  17685 |   1400 |   3112 |  11686 |  18 | 1060.3 |
       Dungeon |  12395 |  11410 |    985 |   1866 |   7603 |  12 | 1032.9 |
          Lair |   6366 |   5952 |    414 |   1246 |   3826 |   5 | 1273.2 |
       Ossuary |    323 |    323 |      0 |      0 |    257 |   1 |  323.0 |
               +--------+--------+--------+--------+--------+-----+--------+

Top non-repeatable levels by time:
     D:3: 1957 daAuts
  Lair:4: 1725 daAuts
  Lair:1: 1479 daAuts
     D:8: 1426 daAuts
     D:4: 1406 daAuts
  Lair:3: 1163 daAuts
     D:6: 1115 daAuts
  Lair:2: 1111 daAuts
     D:9: 1101 daAuts
    D:10: 1075 daAuts
     D:7: 1044 daAuts
     D:5: 1038 daAuts
  Lair:5: 886 daAuts
    D:12: 780 daAuts
     D:2: 601 daAuts
